 Dungeon Crawl Stone Soup version 0.02-122-g12e50fee3c (webtiles) character file.

Game seed: 3296061379973328672, levelgen mode: deterministic

3191 Lanoc the Fighter (level 9, -13/86 HPs) Scintillating Draconian Demonspawn. Began on Oct 5, 2020. Was a Follower of Bahamut & Tiamat. Mangled by Erolcha ... wielding a cursed +2 giant spiked club {(Curse: *Drain)} (24 damage) ... on level 5 of the Dungeon. The game lasted 00:12:53 (2718 turns).

Lanoc the Fighter (DrDs)                            Turns: 2718, Time: 00:12:54

Health: -13/86     AC: 10    Str: 16    XL:     9 ^: 969
Magic:  13/13      EV: 18    Int: 13    God:    Bahamut & Tiamat [1* [40]]
Gold:   281        SH:  0    Dex: 19    Spells: 12/13 levels left

rFire    . . .     Vision   .   (no weapon)
rCold    . . .     Gourm    .   k - +2 whip (elec)
rNeg     . . .     Faith    .   (armour unavailable)
rPois    .         Spirit   .   (helmet restricted)
rElec    +         Reflect  .   (no cloak)
rCorr    +         Harm     .   (no gloves)
MR       +....                  (no boots)
Stlth    +++.......             (no amulet)
HPRegen  0.38/turn              d - ring of dexterity
MPRegen  0.23/turn              (no ring)

@: hasted, very quick
A: no body armour, unfitting armour, horns 1, slimy green scales 1, foul stench
1, nightstalker 1, cold-blooded, rot immunity, chaos magic, random archmage 1,
AC+, Chaos+, AC +8
a: Breathe Seething Chaos, Renounce Religion


You were on level 5 of the Dungeon.
You worshipped Bahamut & Tiamat.
Bahamut & Tiamat was aware of your devotion.
You were hungry.

You visited 2 branches of the dungeon, and saw 6 of its levels.

You collected 281 gold pieces.

Inventory:

Weapons
 k - a +2 whip of electrocution (weapon)
Jewellery
 d - a ring of dexterity (left hand)
 p - an uncursed ring of intelligence
Wands
 m - a wand of ensnaring (2)
 q - a wand of acid (8)
Scrolls
 a - a scroll of magic mapping
 e - 5 scrolls of blinking
 f - a scroll of immolation
 g - 3 scrolls of teleportation
 h - 3 scrolls of enchantment
 n - a scroll of fog
 r - a scroll of fear
Potions
 b - a potion of brilliance
 i - 2 potions of berserk rage
 j - a potion of magic
 l - 2 potions of curing
 o - 3 potions of mutation
Comestibles
 c - 11 rations
 s - 3 chunks of flesh


   Skills:
 + Level 10.7 Fighting
   Level 1.5 Long Blades
 + Level 7.8 Dodging
 - Level 1.3 Stealth
 - Level 2.6 Spellcasting
 - Level 3.0 Invocations


You had 12 spell levels left.
You knew the following spells:

 Your Spells              Type           Power        Failure   Level  Hunger
a - Flame Tongue          Fire           2 (40)       24%         1    #......

Your spell library contained the following spells:

 Spells                   Type           Power        Failure   Level  Hunger
 Blink                    Tloc           N/A          34%         2    ###....
 Call Imp                 Summ           1 (100)      34%         2    ###....
 Slow                     Hex            1 (100)      34%         2    ###....
 Conjure Flame            Fire           1 (100)      56%         3    ###....
 Mephitic Cloud           Pois/Air       1 (100)      56%         3    ###....


Dungeon Overview and Level Annotations

Branches:
Dungeon (5/8)              Temple (1/1) D:4            Lair (0/6) D:5

Altars:
Bahamut & Tiamat
Cheibriados
Elyvilon
Fedhas Madash
Gozag Ym Sagoz
Kikubaaqudgha
Qazlal
Ru
Vehumet
Yredelemnul

Annotations:
D:5 Erolcha


Innate Abilities, Weirdness & Mutations

You cannot fit into any form of body armour.
Your scintillating rainbow scales are hard. (AC +8)
You can breathe bolts of chaotic energy.
You have a pair of small horns on your head.
You are partially covered in slimy green scales. (AC +2)
You may emit foul miasma when damaged in melee.
You are slightly more attuned to the shadows.
You are cold-blooded and may be slowed by cold attacks.
You are immune to rotting.
Your magic is chaotic and you often have boosted spellpower when casting.
Your scintillating rainbow scales chaotically grant elemental resistances and boost your physical defenses a bit. (AC+, Chaos+)


Message History

You barely miss Erolcha. You hit Erolcha but do no damage.
Lightning courses through Erolcha (4).
You tail-slap Erolcha, but do no damage.
Erolcha is almost dead. (8/54) HP You have got your breath back.
The killer bee misses you (0). Erolcha gestures at you while chanting.
The crystal spear hits you (32)!!
* * * LOW HITPOINT WARNING * * *
Tiamat extends your haste.
You hit Erolcha but do no damage.
Erolcha is almost dead. (8/54) HP You hit Erolcha (1).
Lightning courses through Erolcha (4).
Erolcha is almost dead. (3/54) HP The killer bee misses you (0).
The killer bee stings you (7)!
* * * LOW HITPOINT WARNING * * *
A water moccasin comes into view.
The killer bee barely misses you (0).
Erolcha hits you with a cursed +2 giant spiked club {(Curse: *Drain)} (24)!!
You die...

... .Z .# .. ... ..##.#
...# #.. y.....
#...####.# ..Y.. #..>..
..# #... ##.#.####O## #
§§§#..##........@.#.#
..§...Y...#.####y##.###
.......Y.S.Y....y....%.
.........<.............
......###.#.####.#######
##.### ###............#
#. #.####.#####.# # #y#
### #.# #.# #.#


You could see Erolcha and 2 killer bees.

Vanquished Creatures
  Pikel (D:3)
  2 yaks (D:5)
  A phantom (D:4)
  A water moccasin (D:4)
  A porcupine (D:3)
  A black bear (D:4)
  An ogre (D:4)
  2 big kobolds (D:2)
  6 bullfrogs
  A scorpion (D:4)
  2 howler monkeys (D:4)
  3 killer bees (D:5)
  2 hounds (D:4)
  4 jellies
  5 orc wizards
  5 worker ants
  A water moccasin zombie (D:4)
  2 wyvern skeletons
  A bullfrog zombie (D:4)
  2 bullfrog skeletons (D:4)
  A shadow imp (D:4)
  6 adders
  18 sewer rats (D:2)
  A white imp (D:4)
  3 cinder newts
  4 worms
  2 oozes
  3 dart slugs
  4 leopard geckos
  14 orcs
  2 adder skeletons (D:2)
  6 giant cockroaches
  4 goblins (D:1)
  10 hobgoblins (D:1)
  2 jackals (D:3)
  A quokka (D:4)
  3 ball pythons
  8 bats
  A bat skeleton (D:2)
  5 kobolds
  A leopard gecko skeleton (D:3)
  7 rats
  A rat skeleton (D:2)
  A slave (D:3)
  A withered plant (D:2)
153 creatures vanquished.

Vanquished Creatures (others)
  A death yak (D:5)
  2 orc warriors (D:4)
  A killer bee (D:5)
  An orc wizard (D:4)
  An adder (D:2)
  An ooze (D:2)
  A leopard gecko (D:2)
  An orc (D:4)
  An adder skeleton (D:2)
  2 bats (D:2)
  A cinder newt skeleton (D:2)
  A giant cockroach (D:2)
  8 kobolds (D:2)
  2 ball python skeletons (D:2)
  A hobgoblin skeleton (D:2)
  A rat skeleton (D:2)
  A giant blowfly (D:2)
  A plant (D:4)
  A slimehead (D:2)
  61 withered plants (D:2)
90 creatures vanquished.

Grand Total: 243 creatures vanquished

Notes
Turn   | Place    | Note
-------+----------+-------------------------------------------
     0 | D:1      | Lanoc the Immature Draconian Demonspawn began the quest for
                  | the Orb.
     0 | D:1      | Reached XP level 1. HP: 18/18 MP: 4/4
    48 | D:1      | Gained mutation: You are slightly more attuned to the
                  | shadows. [demonic ancestry]
    48 | D:1      | Reached XP level 2. HP: 25/25 MP: 5/5
    73 | D:1      | Reached skill level 3 in Fighting
   206 | D:1      | Gained mutation: You have a pair of small horns on your
                  | head. [demonic ancestry]
   206 | D:1      | Reached XP level 3. HP: 31/31 MP: 7/7
   434 | D:2      | Gained mutation: You are partially covered in slimy green
                  | scales. (AC +2) [demonic ancestry]
   434 | D:2      | Reached XP level 4. HP: 20/40 MP: 3/8
   440 | D:2      | Reached skill level 4 in Fighting
   546 | D:2      | Gained mutation: You are immune to rotting. [demonic
                  | ancestry]
   546 | D:2      | Reached XP level 5. HP: 47/47 MP: 6/9
   589 | D:2      | Reached skill level 5 in Fighting
   638 | D:2      | Reached XP level 6. HP: 46/56 MP: 7/10
   997 | D:2      | Reached skill level 6 in Fighting
  1004 | D:2      | Your scales start taking on a scintillating rainbow colour.
  1004 | D:2      | Reached XP level 7. HP: 52/63 MP: 7/11
  1004 | D:2      | Gained mutation: Your scintillating rainbow scales
                  | chaotically grant elemental resistances and boost your
                  | physical defenses a bit. (AC+, Chaos+) [Scintillating
                  | Draconian growth]
  1004 | D:2      | Gained mutation: Your magic is chaotic and you often have
                  | boosted spellpower when casting. [Scintillating Draconian
                  | growth]
  1160 | D:3      | Reached skill level 5 in Dodging
  1275 | D:3      | Noticed Pikel
  1282 | D:3      | Killed Pikel
  1282 | D:3      | Reached skill level 7 in Fighting
  1282 | D:3      | Reached XP level 8. HP: 69/74 MP: 12/12
  1321 | D:3      | Reached skill level 8 in Fighting
  1563 | D:3      | Found a radiant altar of Vehumet.
  1678 | D:4      | Found an ancient bone altar of Kikubaaqudgha.
  1695 | D:4      | Found a white marble altar of Elyvilon.
  1860 | D:4      | Reached skill level 9 in Fighting
  1871 | D:4      | Found a staircase to the Ecumenical Temple.
  1880 | Temple   | Entered the Ecumenical Temple
  1916 | Temple   | Became a worshipper of Bahamut & Tiamat
  2004 | D:4      | Gained mutation: You may emit foul miasma when damaged in
                  | melee. [demonic ancestry]
  2004 | D:4      | Reached XP level 9. HP: 45/84 MP: 13/13
  2212 | D:4      | Reached * piety under Bahamut & Tiamat
  2218 | D:4      | Reached skill level 10 in Fighting
  2449 | D:5      | Entered Level 5 of the Dungeon
  2449 | D:5      | Noticed a death yak
  2621 | D:5      | Noticed a death yak
  2624 | D:5      | Found a staircase to the Lair.
  2625 | D:5      | Banished a death yak
  2697 | D:5      | Noticed Erolcha
  2718 | D:5      | Mangled by Erolcha

Levels and vault maps discovered:
D:1:      noname_arrival_rooms_in_the_neighbourhood, layout_rooms
D:2:      layout_sewer, grunt_dithmenos_shadows
D:3:      layout_cave_pools, fiery_altar_vehumet, first_ration, uniq_pikel
D:4:      layout_big_octagon, grunt_temple_overflow_open,
          minmay_temple_entry_gardened_gates
D:5:      layout_basic, nicolae_overflow_hidden_temple, dpeg_lair_monsters,
          david_nohive_1, uniq_snorg, uniq_erolcha
Temple:   jpeg_temple_island

Skill      XL: |  1  2  3  4  5  6  7  8  9 |
---------------+----------------------------+-----
Fighting       | 3 4 5 6 7 9 10 | 10.7
Dodging        | 3 4 5 6 7 |  7.8
Long Blades    | |  1.5
Stealth        | |  1.3
Spellcasting   | |  2.6
Invocations    | |  3.0

Action                   |  1- 3 |  4- 6 |  7- 9 || total
-------------------------+-------+-------+-------++-------
Melee: Long sword        |    57 |    65 |    30 ||   152
       Unarmed           |    39 |    51 |   146 ||   236
       Tailslap          |     5 |    13 |    23 ||    41
       Headbutt          |     4 |    15 |    39 ||    58
       Whip              |       |       |   119 ||   119
 Cast: Flame Tongue      |     3 |    38 |       ||    41
Invok: Choose Tiamat's R |       |       |     1 ||     1
 Abil: Breathe Seething  |       |       |    23 ||    23
 Stab: Sleeping          |     4 |     2 |     3 ||     9
       Distracted        |       |       |     1 ||     1
       Petrifying        |       |       |     1 ||     1
  Eat: Chunk             |       |     1 |    11 ||    12
Armor: Skin              |    16 |    26 |    30 ||    72
Dodge: Dodged            |    67 |    72 |   129 ||   268
       Rpst.: Long sword |    22 |    23 |     7 ||    52
       Unarmed           |    18 |    19 |     8 ||    45
